 Dungeon Crawl Stone Soup version 0.22-a0-3-g4fa69d9a97 (webtiles) character file.

5 Manul the Ducker (level 1, -1/11 HPs)
             Began as a Spriggan Abyssal Knight on Jan 1, 2018.
             Was a Follower of Lugonu.
             Slain by a worldbinder (6 damage)
             ... on level 1 of the Abyss.
             The game lasted 00:00:18 (113 turns).

Manul the Ducker (Spriggan Abyssal Knight)           Turns: 113, Time: 00:00:19

Health: -1/11      AC:  2    Str:  4    XL:     1   Next: 66%
Magic:  2/2        EV: 18    Int: 13    God:    Lugonu [*.....]
Gold:   0          SH:  0    Dex: 11    Spells: 0/0 levels left

rFire    . . .     SeeInvis +   a - +1 short sword
rCold    . . .     Gourm    .   (shield restricted)
rNeg     . . .     Faith    .   b - +0 robe
rPois    .         Spirit   .   (helmet restricted)
rElec    .         Reflect  .   (no cloak)
rCorr    .         Harm     .   (gloves unavailable)
MR       .....                  (boots unavailable)
Stlth    +.........             (no amulet)
HPRegen  0.00/turn              (no ring)
MPRegen  0.08/turn              (no ring)

@: non-regenerating, diseased, very quick
A: very small, unfitting armour, see invisible, [clumsy 2], herbivore, speed 3,
[low mp 2], slow metabolism 2, [weak 2]
a: Depart the Abyss, Renounce Religion


You were on level 1 of the Abyss.
You worshipped Lugonu.
Lugonu was aware of your devotion.
You were not hungry.

You visited 0 branches of the dungeon, and saw 0 of its levels.
You visited the Abyss 1 time.

Inventory:

Hand Weapons
 a - a +1 short sword (weapon)
Armour
 b - a +0 robe (worn)
 d - a +2 buckler
Comestibles
 c - 2 rations


   Skills:
 + Level 2.6 Fighting
 + Level 2.3 Short Blades
 + Level 3.7 Dodging
 + Level 1.8 Invocations


You couldn't memorise any spells.
You didn't know any spells.

Dungeon Overview and Level Annotations

Branches:
Dungeon (0/15)

Altars:


Innate Abilities, Weirdness & Mutations

You are very small and have problems with some larger weapons.
You are too small for most types of armour.
You have supernaturally acute eyesight. (SInv)
You are a herbivore.
You cover ground extremely quickly.
You need consume almost no food.
[You are very clumsy. (Dex -4)]
[Your magical capacity is very low. (-20% MP)]
[You are very weak. (Str -4)]


Message History

You closely miss the ufetubus.
The ufetubus is lightly wounded.
The ufetubus misses you. The ufetubus barely misses you.
You hit the ufetubus.
The ufetubus is moderately wounded.
The ufetubus closely misses you. The ufetubus misses you.
The ufetubus completely misses you. x2
You aren't carrying any potions.
You aren't carrying any spellbooks or scrolls.
You hit the ufetubus.
You kill the ufetubus!
You closely miss the small abomination. The worldbinder barely misses you. x2
You hit the small abomination but do no damage.
The worldbinder hits you.
Ouch! That really hurt!
The worldbinder closely misses you.
The small abomination closely misses you.
The worldbinder hits you.
Ouch! That really hurt!
You die...

........x##.#
###.
.####.#x...##
.. ##.#. #..#
. #.#.# .#.
## .#*##.#
#.ยง.#x#..
#...##xx#
##.#..#@#
######


You could see a wretched star, an ancient zyme, a worldbinder and a small
abomination.

Vanquished Creatures
  An ufetubus (Abyss:1)
1 creature vanquished.

Notes
Turn   | Place    | Note
-------+----------+-------------------------------------------
     0 | Abyss:1  | Manul the Spriggan Abyssal Knight began the quest for the Orb.
     0 | Abyss:1  | Reached XP level 1. HP: 11/11 MP: 3/3
    69 | Abyss:1  | Noticed an ancient zyme
    69 | Abyss:1  | Noticed a worldbinder
    83 | Abyss:1  | Noticed a wretched star
    84 | Abyss:1  | Noticed a wretched star
    90 | Abyss:1  | Noticed an ironheart preserver
    91 | Abyss:1  | Noticed a wretched star
    93 | Abyss:1  | Noticed a small abomination
   113 | Abyss:1  | Slain by a worldbinder

Vault maps used:

Action                   || total
-------------------------++-------
Melee: Short sword       ||     9
Armor: Robe              ||     1
Dodge: Dodged            ||    27

Table legend:
 A = Spawn XP
 B = Non-spawn XP
 C = Spawn XP percentage of total XP
 D = Spawn monster count
 E = Non-spawn monster count
 F = Spawn count percentage of total count
 G = Total turns spent on level
                    A         B        C        D         E        F      G
               +---------+---------+-------+---------+---------+-------+---------
         Total |       0 |       8 |   0.0 |       0 |       1 |   0.0 |   113
               +---------+---------+-------+---------+---------+-------+---------
       Abyss:1 |       0 |       8 |   0.0 |       0 |       1 |   0.0 |   113
               +---------+---------+-------+---------+---------+-------+---------
